 Dungeon Crawl Stone Soup version 0.20.1-1-g8b1a95d (webtiles) character file.

15705 Gremour the Carver (level 12, -8/64 HPs)
             Began as a Gargoyle Fighter on Nov 13, 2017.
             Was a High Priest of Qazlal.
             Mangled by a 19-headed hydra (9 damage)
             ... on level 9 of the Dungeon.
             The game lasted 01:21:24 (12139 turns).

Gremour the Carver (Gargoyle Fighter)              Turns: 12139, Time: 01:21:25

Health: -8/64      AC: 38    Str: 19      XL:     12   Next: 29%
Magic:  15/23      EV: 10    Int: 16      God:    Qazlal [*****.]
Gold:   462        SH: 18    Dex: 10 (11) Spells: 6/11 levels left

rFire    + . .     SeeInvis +   a - +1 long sword
rCold    . . .     Gourm    .   c - +0 shield
rNeg     + . .     Faith    +   n - +6 chain mail of the Bouncing Moons {Int+3}
rPois    ∞         Spirit   .   d - +1 hat {SInv}
rElec    +         Reflect  .   s - +1 cloak
rCorr    .         Harm     .   t - +0 pair of gloves
MR       +....                  p - +2 pair of boots
Stlth    ..........             N - amulet of faith
Regen    0.2/turn               b - +3 ring of evasion
MPRegen  0.2/turn               l - ring of magical power

@: protected from physical damage, repel missiles
A: big wings, horns 1, talons 1, blurry vision 1, clever 1, clumsy 1,
deterioration 1, fire resistance 1, high mp 1, magic resistance 1, negative
energy resistance 1, electricity resistance, unbreathing, petrification
resistance, rot immunity, MP-powered wands, AC +8
a: Fly, Upheaval, Elemental Force, Disaster Area, Renounce Religion


You were on level 9 of the Dungeon.
You worshipped Qazlal.
Qazlal was extremely pleased with you.
You were very hungry.

You visited 2 branches of the dungeon, and saw 12 of its levels.
You also visited: Ossuary.

You collected 742 gold pieces.
You spent 280 gold pieces at shops.

Inventory:

Hand Weapons
 a - a +1 long sword (weapon)
 w - a +0 short sword of holy wrath
Missiles
 v - 8 tomahawks (quivered)
Armour
 c - a +0 shield (worn)
 d - a +1 hat of see invisible (worn)
 n - the +6 chain mail of the Bouncing Moons (worn) {Int+3}
   (You found it on level 5 of the Dungeon)

   It affects your intelligence (+3).
 p - a +2 pair of boots (worn)
 s - a +1 cloak (worn)
 t - a +0 pair of gloves (worn)
Magical Staves
 J - an uncursed staff of conjuration
Jewellery
 b - a +3 ring of evasion (left hand)
 h - an uncursed amulet of magic regeneration
 l - a ring of magical power (right hand)
 z - an uncursed ring of fire
 G - a +4 amulet of reflection
 N - an amulet of faith (around neck)
 Q - an uncursed amulet of harm
Wands
 M - a wand of digging (11/24)
 R - a wand of paralysis (7/24)
 V - a wand of paralysis (9/24)
Scrolls
 i - 14 scrolls of identify
 r - 4 scrolls of teleportation
 u - a scroll of fear
 x - a scroll of immolation
 y - 2 scrolls of remove curse
 A - 2 scrolls of fog
 C - 3 scrolls of amnesia
 E - a scroll of enchant armour
 F - 2 scrolls of enchant weapon
 I - 2 scrolls of recharging
 K - a scroll of blinking
Potions
 e - 2 potions of magic
 g - 2 potions of flight
 k - 3 potions of brilliance
 q - a potion of curing
 D - a potion of resistance
 O - a potion of lignification
 S - a potion of mutation
Books
 m - a book of Misfortune

   Spells                             Type                      Level
   a - Confusing Touch                Hexes                        1
   b - Confuse                        Hexes                        3
   c - Gell's Gravitas                Translocation                3
   d - Petrify                        Transmutation/Earth          4
   e - Metabolic Englaciation         Hexes/Ice                    5
   f - Yara's Violent Unravelling     Hexes/Transmutation          5
 B - the Catalogue of Bewitching Enhancements
   (You found it on level 5 of the Dungeon)

   Spells                             Type                      Level
   a - Ozocubu's Armour               Charms/Ice                   3
   b - Confuse                        Hexes                        3
   c - Portal Projectile              Hexes/Translocation          3
   d - Summon Guardian Golem          Hexes/Summoning              3
   e - Ring of Flames                 Charms/Fire                  7
 H - a book of Maledictions

   Spells                             Type                      Level
   a - Corona                         Hexes                        1
   b - Ensorcelled Hibernation        Hexes/Ice                    2
   c - Confuse                        Hexes                        3
   d - Tukima's Dance                 Hexes                        3
   e - Dazzling Spray                 Conjuration/Hexes            3
Comestibles
 f - 7 bread rations
 j - 11 meat rations
 o - 7 royal jellies
 L - 7 fruits


   Skills:
 - Level 3.2 Fighting
 + Level 12.7 Long Blades
 - Level 10.5 Armour
 - Level 11.4 Shields
 * Level 1.2 Hexes
 * Level 1.3 Summonings
 + Level 1.0 Evocations


You had 6 spell levels left.
You knew the following spells:

 Your Spells              Type           Power        Failure   Level  Hunger
b - Blink                 Tloc           N/A          99%         2    ###....
g - Summon Guardian Gole  Hex/Summ       #.......     99%         3    ####...


Dungeon Overview and Level Annotations

Branches:
Dungeon (11/15)            Temple (1/1) D:4            Lair (0/6) D:8
    Orc: D:9-12

Altars:
Ashenzari
Cheibriados
Dithmenos
Elyvilon
Fedhas
Gozag
Hepliaklqana
Kikubaaqudgha
Makhleb
Nemelex Xobeh
Okawaru
Qazlal
Ru
Sif Muna
Trog
Uskayaw
Vehumet
Xom
Yredelemnul
Zin
The Shining One

Shops:
D:9 [

Annotations:
D:9 Pikel


Innate Abilities, Weirdness & Mutations

You are resistant to torment.
Your stone body is resilient. (AC +8)
You are immune to poison.
You resist negative energy. (rN+)
You are resistant to electric shocks. (rElec)
You can survive without breathing.
You are immune to petrification.
You are immune to rotting.
Your large and strong wings let you fly indefinitely.
You have a pair of small horns on your head.
You have sharp toenails.
Scrolls take you a little longer to read.
Your mind is acute. (Int +2)
You are clumsy. (Dex -2)
Your body sometimes deteriorates upon taking damage.
Your flesh is heat resistant. (rF+)
You have an increased reservoir of magic. (+10% MP)
You are resistant to hostile enchantments. (MR+)
You expend magic power (3 MP) to strengthen your wands.


Message History

Really read with blurry vision while enemies are nearby?
Okay, then.
Really read with blurry vision while enemies are nearby?
You hear a shout!
You hear an angry buzzing noise. x10
You begin reading the scroll.
You continue reading the scroll.
You hear a shout!
You hear an angry buzzing noise.
The 19-headed hydra bites you but does no damage.
You block the 19-headed hydra's attack. The 19-headed hydra barely misses you.
You block the 19-headed hydra's attack.
The 19-headed hydra bites you but does no damage. x3
The 19-headed hydra completely misses you.
The 19-headed hydra bites you but does no damage. x2
The 19-headed hydra bites you.
* * * LOW HITPOINT WARNING * * *
You feel more protected from physical attacks.
The 19-headed hydra bites you but does no damage. x2
You block the 19-headed hydra's attack. The 19-headed hydra barely misses you.
The 19-headed hydra bites you but does no damage.
The 19-headed hydra bites you!
You die...

#.....#)
#.
#######.
.. ## #K
## #) .
#p # #. #
#.#######
#
#.@D....#
#
#######.#
#


You could see a 19-headed hydra, Pikel and a slave.

Vanquished Creatures
  Gastronok (D:9)
  Erolcha (D:10)
  7 two-headed ogres
  A cyclops (D:10)
  A gargoyle (D:9)
  2 trolls
  A merfolk (D:10)
  A hornet (D:10)
  4 hippogriffs
  2 yaks (D:11)
  The ghost of ThereIsNoGod the Ruffian, an amateur TrFi (D:5)
  A human (D:10)
  3 wyverns
  Grum (D:9)
  A steam dragon (D:11)
  A hungry ghost (D:8)
  Duvessa (D:4)
  An acid dragon (D:10)
  4 orc warriors
  3 ice beasts
  A phantom (D:5)
  An eye of draining (D:10)
  A hornet zombie (D:5)
  A black bear (D:11)
  4 sky beasts
  5 ogres
  2 wolves (D:9)
  3 centaurs
  5 bullfrogs
  Blork the orc (D:4)
  Dowan (D:4)
  A scorpion (D:8)
  A wyvern skeleton (D:9)
  6 killer bees (D:10)
  A howler monkey (D:4)
  3 wights (D:9)
  6 crimson imps
  2 centaur zombies
  8 hounds
  A quasit (D:8)
  3 jellies
  2 centaur skeletons
  8 orc priests
  2 iguanas
  8 orc wizards
  9 worker ants
  A killer bee zombie (D:9)
  2 hound zombies
  8 mummies (Ossuary)
  13 adders
  4 gnolls (D:2)
  2 shadow imps
  2 oozes
  2 adder zombies
  2 adder skeletons
  2 worms
  2 leopard geckos
  30 orcs
  2 ball pythons (D:1)
  8 bats
  7 giant cockroaches
  14 hobgoblins
  6 jackals
  7 quokkas
  4 frilled lizards
  3 gnoll zombies (Ossuary)
  6 goblins
  3 hobgoblin zombies (Ossuary)
  8 kobolds
  2 orc zombies (Ossuary)
  3 rats (D:1)
267 creatures vanquished.

Notes
Turn   | Place    | Note
-------+----------+-------------------------------------------
     0 | D:1      | Gremour the Gargoyle Fighter began the quest for the Orb.
     0 | D:1      | Reached XP level 1. HP: 14/14 MP: 1/1
    70 | D:1      | Reached skill level 2 in Long Blades
    80 | D:1      | Reached XP level 2. HP: 14/19 MP: 2/2
   458 | D:1      | Reached skill level 3 in Long Blades
   494 | D:1      | Reached XP level 3. HP: 20/23 MP: 3/3
  1408 | D:2      | Reached XP level 4. HP: 24/28 MP: 4/4
  2061 | D:2      | Reached skill level 4 in Long Blades
  2187 | D:3      | Reached XP level 5. HP: 32/32 MP: 5/5
  2577 | D:3      | Found a shadowy altar of Dithmenos.
  2608 | D:3      | Found a shattered altar of Ashenzari.
  2989 | D:4      | Noticed Blork the orc
  3003 | D:4      | Killed Blork the orc
  3003 | D:4      | Reached skill level 5 in Shields
  3003 | D:4      | Reached XP level 6. HP: 24/37 MP: 6/6
  3411 | D:4      | Reached skill level 5 in Long Blades
  3567 | D:4      | Found a staircase to the Ecumenical Temple.
  3576 | D:4      | Reached XP level 7. HP: 35/41 MP: 7/7
  3588 | Temple   | Entered the Ecumenical Temple
  3756 | D:4      | Found a bloodstained altar of Trog.
  3776 | D:4      | Found a glowing golden altar of the Shining One.
  3787 | D:4      | Found a basalt altar of Yredelemnul.
  3806 | D:4      | Found an opulent altar of Gozag.
  3861 | D:4      | Found a stormy altar of Qazlal.
  3865 | D:4      | Became a worshipper of Qazlal Stormbringer
  3988 | D:4      | Noticed Duvessa
  3997 | D:4      | Noticed Dowan
  3998 | D:4      | Killed Duvessa
  4006 | D:4      | Killed Dowan
  4247 | D:4      | Reached skill level 6 in Long Blades
  4468 | D:5      | Entered Level 5 of the Dungeon
  4578 | D:5      | Noticed ThereIsNoGod's ghost (amateur TrFi)
  4602 | D:5      | Killed ThereIsNoGod's ghost
  4602 | D:5      | Reached XP level 8. HP: 17/46 MP: 8/8
  4825 | D:5      | Got a faintly glowing chain mail
  4836 | D:5      | Identified the +6 chain mail of the Bouncing Moons {Int+3} (You found it on level 5 of the Dungeon)
  5092 | D:5      | Identified the Catalogue of Bewitching Enhancements
  5295 | D:5      | Reached skill level 7 in Long Blades
  5567 | D:6      | Reached * piety under Qazlal
  5685 | D:6      | Noticed a hand axe
  5687 | D:6      | Noticed a dagger
  5688 | D:6      | Found a hide-covered altar of Uskayaw.
  5746 | D:6      | Found a sand-covered staircase.
  5754 | Ossuary  | Entered an ossuary
  6135 | D:6      | Reached XP level 9. HP: 50/51 MP: 9/9
  6317 | D:6      | Noticed a red ugly thing
  6610 | D:7      | Reached skill level 8 in Long Blades
  6636 | D:7      | Reached skill level 5 in Armour
  6700 | D:7      | HP: 2/51 [orc warrior/glaive (18)]
  6981 | D:7      | Reached ** piety under Qazlal
  7240 | D:7      | Gained mutation: You have sharp toenails. [potion of mutation]
  7240 | D:7      | Gained mutation: You are clumsy. (Dex -2) [potion of mutation]
  7240 | D:7      | Gained mutation: Your flesh is heat resistant. (rF+) [potion of mutation]
  7241 | D:7      | Lost mutation: You are clumsy. (Dex -2) [potion of mutation]
  7241 | D:7      | Gained mutation: Your body sometimes deteriorates upon taking damage. [potion of mutation]
  7241 | D:7      | Gained mutation: You have an increased reservoir of magic. (+10% MP) [potion of mutation]
  7241 | D:7      | Gained mutation: You possess an exceptional clarity of mind. [potion of mutation]
  7347 | D:7      | Found a shattered altar of Ashenzari.
  7473 | D:7      | Found a stormy altar of Qazlal.
  7940 | D:8      | Paralysed by an orc for 5 turns
  8035 | D:8      | Noticed a two-headed ogre
  8065 | D:8      | Killed a two-headed ogre
  8065 | D:8      | Reached skill level 9 in Long Blades
  8065 | D:8      | Reached skill level 10 in Shields
  8065 | D:8      | Reached XP level 10. HP: 32/56 MP: 11/11
  8321 | D:8      | Reached *** piety under Qazlal
  8324 | D:8      | Found a staircase to the Lair.
  8452 | D:8      | Noticed a two-headed ogre
  8465 | D:8      | Killed a two-headed ogre
  8750 | D:8      | Noticed a two-headed ogre
  8773 | D:8      | Killed a two-headed ogre
  8773 | D:8      | Reached skill level 10 in Long Blades
  9070 | D:9      | Noticed Grum
  9097 | D:9      | Killed Grum
  9168 | D:9      | Noticed Gastronok
  9227 | D:9      | Killed Gastronok
  9227 | D:9      | Reached XP level 11. HP: 37/60 MP: 12/12
  9292 | D:9      | Noticed a two-headed ogre
  9322 | D:9      | Killed a two-headed ogre
  9356 | D:9      | Found Ruky's Armour Emporium.
  9482 | D:9      | Bought a +2 pair of boots for 280 gold pieces
  9865 | D:9      | Reached skill level 11 in Long Blades
  9873 | D:9      | Reached skill level 1 in Evocations
  9877 | D:9      | Gained mutation: You have a pair of small horns on your head. [mutagenic meat]
  9878 | D:9      | Gained mutation: Your mind is acute. (Int +2) [mutagenic meat]
  9880 | D:9      | Lost mutation: You possess an exceptional clarity of mind. [mutagenic meat]
  9881 | D:9      | Gained mutation: Scrolls take you a little longer to read. [mutagenic meat]
  9965 | D:10     | Entered Level 10 of the Dungeon
 10002 | D:10     | Reached **** piety under Qazlal
 10116 | D:10     | Gained mutation: Your large and strong wings let you fly indefinitely. [mutagenic meat]
 10117 | D:10     | Gained mutation: You are clumsy. (Dex -2) [mutagenic meat]
 10119 | D:10     | Gained mutation: You expend magic power (3 MP) to strengthen your wands. [mutagenic meat]
 10120 | D:10     | Gained mutation: You are resistant to hostile enchantments. (MR+) [mutagenic meat]
 10467 | D:10     | Learned a level 3 spell: Summon Guardian Golem
 10489 | D:10     | Noticed a two-headed ogre
 10511 | D:10     | Killed a two-headed ogre
 10613 | D:10     | Noticed a two-headed ogre
 10632 | D:10     | Killed a two-headed ogre
 10682 | D:10     | Reached skill level 12 in Long Blades
 11047 | D:11     | Reached skill level 10 in Armour
 11050 | D:11     | Noticed Erolcha
 11092 | D:10     | Reached XP level 12. HP: 61/64 MP: 7/14
 11510 | D:10     | Killed Erolcha
 11623 | D:11     | Noticed a two-headed ogre
 11771 | D:10     | Learned a level 2 spell: Blink
 11783 | D:11     | Killed a two-headed ogre
 11833 | D:11     | Reached skill level 1 in Hexes
 11867 | D:11     | Reached ***** piety under Qazlal
 11869 | D:11     | Reached skill level 1 in Summonings
 11961 | D:11     | Noticed an eight-headed hydra
 12139 | D:9      | Noticed Pikel
 12139 | D:9      | HP: 1/64 [19-headed hydra (4)]
 12139 | D:9      | Mangled by a 19-headed hydra

Skill      XL: |  1  2  3  4  5  6  7  8  9 10 11 12 |
---------------+-------------------------------------+-----
Long Blades    | 2 3 4 5 6 7 9 10 12 | 12.7
Shields        | 4 5 7 8 10 11 | 11.4
Armour         | 4 6 8 10 | 10.5
Evocations     | 1 |  1.0
Hexes          | 1 |  1.2
Summonings     | 1 |  1.3
Fighting       | |  3.2

Action                   |  1- 3 |  4- 6 |  7- 9 | 10-12 || total
-------------------------+-------+-------+-------+-------++-------
Melee: Long sword        |   126 |   243 |   506 |   599 ||  1474
       Kick              |       |       |    32 |    44 ||    76
       Headbutt          |       |       |       |    73 ||    73
Throw: Tomahawk          |       |       |     2 |     9 ||    11
Evoke: Wand              |       |       |       |    12 ||    12
  Use: Scroll            |       |     6 |    11 |     2 ||    19
       Potion            |       |     2 |    12 |     5 ||    19
 Stab: Paralysed         |       |       |       |    17 ||    17
  Eat: Chunk             |     1 |     7 |    12 |    24 ||    44
       Royal jelly       |       |     1 |       |       ||     1
       Fruit             |       |       |     3 |     2 ||     5
Armor: Scale mail        |    64 |   122 |       |       ||   186
       Leather armour    |       |     1 |    32 |       ||    33
       Chain mail        |       |       |   174 |   205 ||   379
Dodge: Dodged            |    38 |    70 |   125 |   124 ||   357
       Deflected         |       |       |       |     2 ||     2
Block: Shield            |    78 |   113 |   317 |   483 ||   991
       Reflection        |       |       |     1 |     5 ||     6
       Rpst.: Long sword |    13 |    21 |    46 |    29 ||   109
